 Dungeon Crawl Stone Soup version 0.31-a0-358-gac0dbeb3ab (webtiles) character file.

Game seed: 8847000214067993410

938 Grim the Cleaver (level 7, 0/85 HPs)
             Began as a Minotaur Berserker on July 25, 2023.
             Was a Priest of Trog.
             Slain by Prince Ribbit (13 damage)
             ... on level 5 of the Dungeon.
             The game lasted 00:03:39 (3845 turns).

Grim the Cleaver (Minotaur Berserker)               Turns: 3845, Time: 00:03:40

Health: 0/85       AC:  8    Str: 21    XL:     7   Next: 87%
Magic:  6/6        EV:  8    Int:  6    God:    Trog [***...]
Gold:   321        SH:  0    Dex: 10    Spells: 6/6 levels left

rFire   . . .        t - +0 war axe
rCold   . . .        (no shield)
rNeg    . . .        k - +0 chain mail
rPois   .            (helmet restricted)
rElec   .            (no cloak)
rCorr   .            (no gloves)
SInv    .            (no boots)
Will    .....        (no amulet) Stlth
                     (no ring)
HPRegen 0.34/turn    (no ring)
MPRegen 0.10/turn

%: no passive effects
@: berserking (expiring), very quick
A: horns 2, retaliatory headbutt
a: Renounce Religion, Berserk, Trog's Hand


You were on level 5 of the Dungeon.
You worshipped Trog.
Trog was most pleased with you.
You visited 1 branch of the dungeon, and saw 5 of its levels.

You collected 321 gold pieces.

Inventory:

Hand Weapons
 t - a +0 war axe (weapon)
Missiles
 b - a throwing net
Armour
 k - a +0 chain mail (worn)
Jewellery
 p - a +5 ring of evasion
Wands
 o - a wand of polymorph (11)
Scrolls
 a - a scroll of fear {unknown}
 c - 3 scrolls of identify {unknown}
 d - 3 scrolls of enchant weapon {unknown}
 f - a scroll of enchant armour {unknown}
 j - 2 scrolls of immolation {unknown}
 l - 3 scrolls of teleportation {unknown}
 n - a scroll of revelation {unknown}
 r - a scroll of noise {unknown}
 s - a scroll of blinking {unknown}
Potions
 e - 2 potions of might {unknown}
 g - 2 potions of haste {unknown}
 h - 3 potions of curing {unknown}
 i - a potion of heal wounds {unknown}
 m - 2 potions of mutation {unknown}
 q - 2 potions of magic {unknown}


   Skills:
 - Level 3.6 Fighting
 + Level 11.4 Axes
 - Level 2.4 Armour
 - Level 2.1 Dodging


You had 6 spell levels left.
You didn't know any spells.
Your spell library was empty.

Dungeon Overview and Level Annotations

Branches:
Dungeon (5/15)
 Temple: D:4-7

Altars:

Shops:
D:4 !

Annotations:
D:5 1 transporter, Prince Ribbit


Innate Abilities, Weirdness & Mutations

You have a pair of horns on your head.
You reflexively headbutt those who attack you in melee.


Message History

You barely miss Prince Ribbit. Prince Ribbit closely misses you.
You furiously retaliate!
You headbutt Prince Ribbit! You closely miss Prince Ribbit.
Prince Ribbit is moderately wounded.
Prince Ribbit hits you!
You barely miss Prince Ribbit.
Prince Ribbit is moderately wounded.
You hit the shadow imp. Prince Ribbit hits you. The shadow imp gestures at you.
Pain shoots through your body!
* * * LOW HITPOINT WARNING * * *
Prince Ribbit hits you!
* * * LOW HITPOINT WARNING * * *
A red film seems to cover your vision as you go berserk!
You feel yourself moving faster!
You feel mighty! The shadow imp gestures at you. Pain shoots through your body!
* * * LOW HITPOINT WARNING * * *
Prince Ribbit hits you.
* * * LOW HITPOINT WARNING * * *
You miss Prince Ribbit. Your headbutt misses Prince Ribbit.
Prince Ribbit is moderately wounded.
You barely miss the shadow imp. Prince Ribbit barely misses you.
The shadow imp barely misses you.
You miss Prince Ribbit. You headbutt Prince Ribbit!!
Prince Ribbit is severely wounded.
You hit the shadow imp. Prince Ribbit barely misses you.
The shadow imp hits you but does no damage.
Unknown command.
You hit Prince Ribbit. Your headbutt misses Prince Ribbit.
Prince Ribbit is almost dead.
You slash the shadow imp!
You kill the shadow imp!
Trog accepts your kill.
Prince Ribbit blinks!
Unknown command.
You are too injured to fight recklessly!
You feel a strong urge to attack something.
Prince Ribbit hits you!
You die...

#....:...#...#
##.........
#...######...#
#.......... ....#
#...####..........
....#
##+##.............
....+
##.###.........
....#
##+#..###.........
.####
..........†.......
.#
..>...............
..
.......@.........#
...
......F..........#
.................#
................[#
.................#
.................
................
#########......


You could see Prince Ribbit.

Vanquished Creatures
  Grinder (D:5)
  Sigmund (D:5)
  An ogre (D:5)
  A scorpion (D:5)
  An orc priest (D:2)
  A hound (D:5)
  2 jellies (D:5)
  2 sleepcaps (D:5)
  3 iguanas
  3 gnolls (D:2)
  4 adders
  A shadow imp (D:5)
  An ufetubus (D:5)
  6 worms
  A dart slug (D:3)
  14 orcs
  5 endoplasms
  7 giant cockroaches
  5 hobgoblins
  9 jackals
  3 kobolds
  7 quokkas
  3 ball pythons
  4 bats
  4 frilled lizards
  12 goblins
  4 rats
106 creatures vanquished.

Notes
Turn   | Place    | Note
-------+----------+-------------------------------------------
     0 | D:1      | Grim the Minotaur Berserker began the quest for the Orb.
     0 | D:1      | Reached XP level 1. HP: 19/19 MP: 0/0
   223 | D:1      | Reached skill level 4 in Axes
   324 | D:1      | Reached XP level 2. HP: 23/26 MP: 1/1
   964 | D:2      | Reached skill level 5 in Axes
   965 | D:2      | Reached XP level 3. HP: 31/31 MP: 2/2
  1081 | D:2      | Reached skill level 6 in Axes
  1081 | D:2      | Reached XP level 4. HP: 22/39 MP: 3/3
  1415 | D:2      | Reached ** piety under Trog
  2153 | D:3      | Reached XP level 5. HP: 39/45 MP: 4/4
  2193 | D:3      | Reached skill level 7 in Axes
  2213 | D:3      | Identified the +1 robe of the Arena {*Slow rPois rF++
                  | Int+2}
  3085 | D:4      | Found Fempavod's Distillery.
  3136 | D:4      | Reached *** piety under Trog
  3261 | D:4      | Reached skill level 8 in Axes
  3404 | D:5      | Entered Level 5 of the Dungeon
  3404 | D:5      | Noticed Sigmund
  3408 | D:5      | Killed Sigmund
  3409 | D:5      | Reached skill level 9 in Axes
  3409 | D:5      | Reached XP level 6. HP: 51/51 MP: 5/5
  3702 | D:5      | Reached XP level 7. HP: 57/57 MP: 6/6
  3727 | D:5      | Noticed Grinder
  3731 | D:5      | Killed Grinder
  3732 | D:5      | Reached skill level 10 in Axes
  3789 | D:5      | Found a transporter.
  3804 | D:5      | Reached skill level 11 in Axes
  3832 | D:5      | Noticed Prince Ribbit
  3845 | D:5      | Slain by Prince Ribbit

Illustrated notes

Levels and vault maps discovered:
D:1:      matt_arrival_grand_opening, layout_loops_corners, serial_bayou,
          serial_bayou_lake_a, serial_bayou_pond_c, serial_bayou_shore_b,
          serial_bayou_crossing
D:2:      layout_loops_corners
D:3:      cheibrodos_greedy_goblins, layout_rooms, eino_tiny_chamber
D:4:      layout_gridville, serial_shops, nicolae_shop_behind_doors,
          grunt_decor_mini_mirrors
D:5:      gammafunk_steamed_eel, layout_basic, temple_statues, uniq_sigmund,
          uniq_prince_ribbit1, uniq_grinder

Skill      XL: |  1  2  3  4  5  6  7 |
---------------+----------------------+-----
Axes           | 4 5 6 9 11 | 11.4
Fighting       | |  3.6
Armour         | |  2.4
Dodging        | |  2.1

Action                     |  1- 3 |  4- 6 |  7- 9 || total
---------------------------+-------+-------+-------++-------
  Melee: Hand axe          |    46 |   130 |       ||   176
         Headbutt          |     3 |    25 |     3 ||    31
         War axe           |       |    17 |    23 ||    40
         Punch             |       |     1 |       ||     1
 Invoke: Berserk           |     2 |     3 |     2 ||     7
   Stab: Sleeping          |       |     1 |       ||     1
 Armour: Animal skin       |     2 |     6 |       ||     8
         Chain mail        |       |    58 |     2 ||    60
  Dodge: Dodged            |    21 |    60 |    13 ||    94

Table legend: (Time is in decaauts)
 A = Elapsed time spent in this place.
 B = Non-inter-level travel time spent in this place.
 C = Inter-level travel time spent in this place.
 D = Time resting spent in this place.
 E = Time spent auto-exploring this place.
 F = Levels seen in this place.
 G = Mean time per level.
                   A        B        C        D        E       F      G
               +--------+--------+--------+--------+--------+-----+--------+
         Total |   3932 |   3827 |    105 |    656 |   2657 |   5 |  786.4 |
       Dungeon |   3932 |   3827 |    105 |    656 |   2657 |   5 |  786.4 |
               +--------+--------+--------+--------+--------+-----+--------+

Top non-repeatable levels by time:
     D:2: 1184 daAuts
     D:1: 1006 daAuts
     D:3: 754 daAuts
     D:4: 534 daAuts
     D:5: 452 daAuts
